 Dungeon Crawl Stone Soup version 0.24.0-13-gcf9b3192b9 (webtiles) character file.

Game seed: 11960994699586791524, levelgen mode: deterministic

5 Esekla the Skirmisher (level 1, 7/12 HPs)
             Began as a Vine Stalker Abyssal Knight on Nov 10, 2019.
             Was an Initiate of Lugonu.
             Got out of the dungeon alive.
             The game lasted 00:03:35 (222 turns).

Esekla the Skirmisher (Vine Stalker Abyssal Knight)  Turns: 222, Time: 00:03:35

Health: 7/12       AC:  4    Str: 14    XL:     1   Next: 80%
Magic:  3/3        EV: 11    Int: 12    God:    Lugonu [......]
Gold:   44         SH:  0    Dex: 13    Spells: 0/0 levels left

rFire    . . .     SeeInvis .   a - +1 falchion
rCold    . . .     Gourm    .   (no shield)
rNeg     . . .     Faith    .   b - +1 leather armour
rPois    .         Spirit   +   (no helmet)
rElec    .         Reflect  .   (no cloak)
rCorr    .         Harm     .   (no gloves)
MR       .....                  (no boots)
Stlth    +.........             (no amulet)
HPRegen  0.04/turn              (no ring)
MPRegen  0.08/turn              (no ring)

@: no status effects
A: fangs 2, magic shield, antimagic bite, no potion heal 3, rot immunity
a: Renounce Religion


You escaped.
You worshipped Lugonu.
Lugonu was noncommittal.
You were not hungry.

You visited 1 branch of the dungeon, and saw 1 of its levels.
You visited the Abyss 1 time.

You collected 44 gold pieces.

Inventory:

Hand Weapons
 a - a +1 falchion (weapon)
Missiles
 d - 6 boomerangs
 e - 4 atropa-tipped darts (quivered)
Armour
 b - a +1 leather armour (worn)
Potions
 h - a potion of resistance
 i - a potion of heal wounds {unknown}
 k - a potion of flight {unknown}
Comestibles
 c - a ration


   Skills:
 * Level 3.0 Fighting
 + Level 1.8 Long Blades
 + Level 1.5 Armour
 + Level 0.7 Dodging
 + Level 1.7 Invocations


You couldn't memorise any spells.
You didn't know any spells.
Your spell library was empty.

Dungeon Overview and Level Annotations

Branches:
Dungeon (1/15)

Altars:


Innate Abilities, Weirdness & Mutations

You have extremely sharp teeth.
When hurt, damage is shared between your health and your magic reserves.
Your bite disrupts and absorbs the magic of your enemies.
Potions cannot restore your health.
You are immune to rotting.


Message History

You hit the kobold.
You kill the kobold!
Lugonu accepts your kill.
You see here a dart slug corpse.
You see here a dart slug corpse.
There is a staircase leading out of the dungeon here.
As you read the scroll labeled OCOTWA OSAUN, it crumbles to dust.
It is a scroll of enchant armour.
Your +0 leather armour glows green for a moment.
Unknown command.
As you read the scroll labeled NIPPAK XENUGHICAG, it crumbles to dust.
You hear a loud clanging noise!
It was a scroll of noise.
You hear an angry hiss.
You hear a shout!
As you read the scroll labeled VUATSATODU, it crumbles to dust.
It is a scroll of identify.
h - a potion of resistance You can't go down here!
Are you sure you want to leave the Dungeon?
This will make you lose the game!
You have escaped!

###########################
..........................#
.........................#
#..####.####...#######...#
#..# #.# ##...### #...#
#..# #.# #......# #...#
##..####.###......# #...#
.......#........@.#####...#
..................†.......#
.......#####......#####...#
..)...)# #####..# #...#
###..### #..# #...#
###..###########..#####...#
..........................#
..........................#
########.##################


There were no monsters in sight!

Vanquished Creatures
  A dart slug (D:1)
  A giant cockroach (D:1)
  A kobold (D:1)
  A rat (D:1)
4 creatures vanquished.

Notes
Turn   | Place    | Note
-------+----------+-------------------------------------------
     0 | Abyss:1  | Esekla the Vine Stalker Abyssal Knight began the quest for
                  | the Orb.
     0 | Abyss:1  | Reached XP level 1. HP: 11/11 MP: 3/3
     6 | Abyss:1  | Found a corrupted altar of Lugonu.
    92 | Abyss:2  | Noticed a ynoxinul
   108 | D:1      | Escaped the Abyss
   119 | D:1      | Reached skill level 3 in Fighting
   222 | D:$      | Got out of the dungeon alive.

Levels and vault maps discovered:
D:1:      dpeg_arrival_boxes_within_box, layout_rooms, minmay_indecisive_spiral

Skill      XL: |  1 |
---------------+----+-----
Fighting       | 3 |  3.0
Long Blades    | |  1.8
Armour         | |  1.5
Dodging        | |  0.7
Invocations    | |  1.7

Action                   || total
-------------------------++-------
Melee: Falchion          ||     7
       Bite              ||     2
Throw: Dart              ||     3
Invok: Depart the Abyss  ||     1
  Use: Scroll            ||     3
Armor: Leather armour    ||     4
Dodge: Dodged            ||    12
       Rpst.: Falchion   ||     4
